 Dungeon Crawl Stone Soup version 0.32-a0-42-ga30500b4d3 (webtiles) character file.

Game seed: 6662321552615528118

326 cforsyth the Ducker (level 6, -3/47 HPs)
             Began as a Djinni Reaver on Jan 26, 2024.
             Killed from afar by an orc wizard (7 damage)
             ... with a magic dart
             ... on level 4 of the Dungeon.
             The game lasted 00:07:18 (3296 turns).

cforsyth the Ducker (Djinni Reaver)                 Turns: 3296, Time: 00:07:19

Health: -3/47      AC:  3    Str: 11    XL:     6   Next: 79%
Gold:   173        EV: 12    Int: 17    God:
                   SH:  0    Dex: 11

rFire   + + .        a - +0 short sword
rCold   x . .        (no shield)
rNeg    . . .        b - +0 leather armour
rPois   ∞            (no helmet)
rElec   .            (no cloak)
rCorr   .            (no gloves)
SInv    .            (boots unavailable)
Will    .....        (no amulet)
Stlth   +            (no ring)
HPRegen 0.27/turn    (no ring)
MPRegen 0.00/turn

%: infuse magic (-4 HP)
@: confused, mighty, flying
A: sickness immunity, fire resistance 2, cold vulnerability 1, float, innate
caster, HP casting, extra vitality 1
a: no special abilities


You were on level 4 of the Dungeon.
You visited 1 branch of the dungeon, and saw 4 of its levels.

You collected 173 gold pieces.

Inventory:

Hand Weapons
 a - a +0 short sword (weapon)
Armour
 b - a +0 leather armour (worn)
Jewellery
 f - a ring of fire
Scrolls
 c - a scroll of fog {unknown}
 d - a scroll of fear {unknown}
 e - 2 scrolls of teleportation {unknown}
 g - 2 scrolls of identify {unknown}
 h - a scroll of amnesia {unknown}


   Skills:
 + Level 3.6 Fighting
 + Level 3.9 Short Blades
 + Level 4.0 Dodging
 + Level 3.7 Spellcasting
 + Level 3.7 Conjurations
 + Level 3.7 Hexes
 + Level 3.7 Summonings
 + Level 3.7 Necromancy
 + Level 3.7 Translocations
 + Level 3.7 Fire Magic
 + Level 3.7 Ice Magic
 + Level 3.7 Air Magic
 + Level 3.7 Earth Magic
 + Level 3.7 Alchemy


You knew the following spells:

 Your Spells              Type           Power      Damage    Failure   Level
a - Kiss of Death         Conj/Necr      60%        2d10      4%          1
b - Momentum Strike       Conj/Tloc      30%        3d8       7%          2
c - Hailstorm             Conj/Ice       15%        3d6       14%         3
d - Sting                 Conj/Alch      60%        1d6       4%          1
e - Jinxbite              Hex            30%        N/A       7%          2
Your spell library was empty.

Dungeon Overview and Level Annotations

Branches:
Dungeon (4/15)
 Temple: D:4-7

Altars:
Cheibriados
Dithmenos
Zin

Shops:
D:1 *

Annotations:
D:3 2 transporters


Innate Abilities, Weirdness & Mutations

You are immune to sickness and miasma.
You are immune to poison.
Your flesh is very heat resistant. (rF++)
You are vulnerable to cold. (rC-)
You float through the air rather than walking.
You learn spells naturally, not from books.
Your magical power is your life essence.
You have superior vitality. (+4 MHP)


Message History

The puff of flame hits you. You resist.
You feel less confused. Something hits you but does no damage.
You hit something. Something hits you.
You hit something. You barely miss something. Something hits you.
You barely miss something. Something hits you.
You closely miss something. Something hits you.
You miss something. Something hits you.
You hit something but do no damage. You hit something but do no damage.
Something barely misses you.
You closely miss something.
You hear some strange, mumbled words.
A magic dart appears from out of thin air!
The magic dart hits you.
You hit something but do no damage.
You hear some strange, mumbled words.
A puff of flame appears from out of thin air!
The puff of flame hits you. You resist.
You miss something.
You hear some strange, mumbled words.
You are confused.
You hit something. You miss something. Something hits you.
You closely miss something.
An orc wizard appears from thin air!
Reactivating autopickup.
The orc wizard gestures at you while chanting.
The magic dart hits you!
* * * LOW HITPOINT WARNING * * *
It was a potion of might.
You feel very mighty all of a sudden.
The orc wizard hits you with a +0 dagger.
* * * LOW HITPOINT WARNING * * *
You're too confused to move!
The orc wizard gestures at you while chanting.
You resist with some effort.
You bump into the rock wall.
The orc wizard casts a spell at you. The magic dart hits you!
You die...

### ##.##
##...#############
##.....##.[.......#
#......)..)...###.####
##.....##.###†..@....#
########## ##...###.#
####.o.#.###........#
##S##
#.#####....<.............
#.#
#..........#####.###.##..
####.############.## #.#
#.## . #........# #.# #.#
#..# . #.##.###.# #.# #.#
#..#.. #. #.# #+# #.#
#..#.. #. #.# #.###.....


You could see an orc wizard.

Vanquished Creatures
  A scorpion (D:4)
  2 orc priests (D:4)
  3 orc wizards (D:3)
  4 adders
  A ribbon worm (D:3)
  A dart slug (D:3)
  11 orcs
  5 ball pythons
  3 endoplasms
  A giant cockroach (D:2)
  11 goblins
  8 hobgoblins
  9 kobolds
  6 quokkas
  7 bats
  3 frilled lizards
  4 rats
80 creatures vanquished.

Notes
Turn   | Place    | Note
-------+----------+-------------------------------------------
     0 | D:1      | cforsyth the Djinni Reaver began the quest for the Orb.
     0 | D:1      | cforsyth set off with the following spells memorised: Kiss
                  | of Death, Momentum Strike, Hailstorm.
     0 | D:1      | Reached XP level 1. HP: 18/18 MP: 0/0
   154 | D:1      | Reached XP level 2. HP: 12/23 MP: 0/0
   370 | D:1      | Found Zabimea's General Store.
   784 | D:1      | Reached XP level 3. HP: 25/28 MP: 0/0
   784 | D:1      | Learned a level 1 spell: Sting
  1325 | D:2      | Found a shadowy altar of Dithmenos.
  1333 | D:2      | Reached XP level 4. HP: 27/34 MP: 0/0
  1464 | D:3      | Found a transporter.
  1485 | D:3      | Reached skill level 3 in Dodging
  1510 | D:3      | Found a transporter.
  1850 | D:3      | Found a snail-covered altar of Cheibriados.
  1991 | D:3      | Reached XP level 5. HP: 19/37 MP: 0/0
  1991 | D:3      | Learned a level 2 spell: Jinxbite
  2476 | D:3      | Found a glowing silver altar of Zin.
  2873 | D:4      | Reached XP level 6. HP: 34/38 MP: 0/0
  3250 | D:4      | Reached skill level 4 in Dodging
  3296 | D:4      | Killed from afar by an orc wizard

Illustrated notes

Levels and vault maps discovered:
D:1:      dpeg_arrival_court, layout_loops_ring, serial_shops, shop
D:2:      layout_rooms, basic_altar
D:3:      gammafunk_steamed_eel, layout_basic,
          mainiacjoe_overflow_six_doors_small, lemuel_coloured_pillars_altar
D:4:      layout_loops_corners

Skill      XL: |  1  2  3  4  5  6 |
---------------+-------------------+-----
Spellcasting   | 3 |  3.7
Conjurations   | 3 |  3.7
Hexes          | 3 |  3.7
Summonings     | 3 |  3.7
Necromancy     | 3 |  3.7
Translocations | 3 |  3.7
Fire Magic     | 3 |  3.7
Ice Magic      | 3 |  3.7
Air Magic      | 3 |  3.7
Earth Magic    | 3 |  3.7
Alchemy        | 3 |  3.7
Short Blades   | 3 |  3.9
Dodging        | 3 4 |  4.0
Fighting       | 3 |  3.6

Action                     |  1- 3 |  4- 6 || total
---------------------------+-------+-------++-------
  Melee: Short sword       |    77 |    38 ||   115
   Cast: Sting             |    35 |   103 ||   138
         Kiss of Death     |       |     3 ||     3
    Use: Potion            |       |     3 ||     3
 Armour: Leather armour    |    45 |    62 ||   107
  Dodge: Dodged            |    31 |    38 ||    69

Table legend: (Time is in decaauts)
 A = Elapsed time spent in this place.
 B = Non-inter-level travel time spent in this place.
 C = Inter-level travel time spent in this place.
 D = Time resting spent in this place.
 E = Time spent auto-exploring this place.
 F = Levels seen in this place.
 G = Mean time per level.
                   A        B        C        D        E       F      G
               +--------+--------+--------+--------+--------+-----+--------+
         Total |   3278 |   3242 |     36 |    382 |   2305 |   4 |  819.5 |
       Dungeon |   3278 |   3242 |     36 |    382 |   2305 |   4 |  819.5 |
               +--------+--------+--------+--------+--------+-----+--------+

Top non-repeatable levels by time:
     D:3: 1061 daAuts
     D:1: 915 daAuts
     D:2: 781 daAuts
     D:4: 519 daAuts
